 Dungeon Crawl Stone Soup version 0.29.0-15-g675c0067aa (webtiles) character file.

Game seed: 3331123897128026437

91 qw the Sneak (level 4, -1/28 HPs)
             Began as a Gargoyle Delver on Sept 11, 2022.
             Slain by a hound (4 damage)
             ... on level 5 of the Dungeon.
             The game lasted 00:00:06 (313 turns).

qw the Sneak (Gargoyle Delver)                       Turns: 313, Time: 00:00:07

Health: -1/28      AC:  6    Str: 18    XL:     4   Next: 59%
Magic:  4/4        EV: 11    Int: 10    God:
Gold:   13         SH:  0    Dex: 11    Spells: 3/3 levels left

rFire   . . .      SeeInvis .   a - +0 hand axe
rCold   . . .      Faith    .   (no shield)
rNeg    + . .      Spirit   .   b - +0 leather armour
rPois   inf        Reflect  .   (no helmet)
rElec   +          Harm     .   (no cloak)
rCorr   .          Rampage  .   (no gloves)
Will    .....                   (no boots)
Stlth   +++.......              (no amulet)
HPRegen 0.09/turn               (no ring)
MPRegen 0.09/turn               (no ring)

@: no status effects
A: sickness immunity, AC +3, negative energy resistance 1, electricity
resistance, torment resistance 1, petrification resistance
a: no special abilities


You were on level 5 of the Dungeon.
You visited 1 branch of the dungeon, and saw 1 of its levels.

You collected 13 gold pieces.


Innate Abilities, Weirdness & Mutations

You are immune to sickness and miasma.
Your stone body is resilient. (AC +3)
You are immune to poison.
You resist negative energy. (rN+)
You are resistant to electric shocks. (rElec)
You are resistant to unholy torment.
You are immune to petrification.


   Skills:
 - Level 3.2 Fighting
 + Level 4.2 Axes
 - Level 1.5 Dodging
 - Level 5.4 Stealth


You had 3 spell levels left.
You didn't know any spells.
Your spell library was empty.

Inventory:

Hand Weapons
 a - a +0 hand axe (weapon)
Armour
 b - a +0 leather armour (worn)
Wands
 g - a wand of digging (3)
Scrolls
 c - a scroll of fog
 d - a scroll of magic mapping
 e - a scroll of fear
 h - a scroll of identify {unknown}
Potions
 f - a potion of haste

Dungeon Overview and Level Annotations

Branches:
Dungeon (5/15)
 Temple: D:4-7

Altars:


Message History

You closely miss the hound.
The hound is lightly wounded.
The hound misses you. The hound bites you but does no damage.
You slash the hound!
The hound is heavily wounded.
The hound bites you but does no damage.
You closely miss the hound.
The hound is heavily wounded.
The hound bites you but does no damage. The hound barely misses you.
You closely miss the hound.
The hound is heavily wounded.
The hound barely misses you.
You closely miss the hound.
The hound is heavily wounded.
The hound closely misses you. The hound bites you.
You barely miss the hound.
The hound is heavily wounded.
The hound bites you. The hound closely misses you.
You barely miss the hound.
The hound is heavily wounded.
The hound bites you but does no damage.
You closely miss the hound.
The hound is heavily wounded.
The hound closely misses you. The hound bites you but does no damage.
You barely miss the hound.
The hound is heavily wounded.
The hound bites you. The hound bites you but does no damage.
You barely miss the hound.
The hound is heavily wounded.
The hound bites you.
You closely miss the hound.
The hound is heavily wounded.
The hound barely misses you. The hound bites you but does no damage.
You hit the hound but do no damage.
The hound is heavily wounded.
The hound barely misses you.
You hit the hound.
The hound is almost dead.
The hound closely misses you. The hound bites you.
You die...

## #.#.......#
..#.##......#
#.#.##......#
#.#.##......#
..##....#......#
#..............########
#..#.....###.....#
#................#
#@..########......
#....h........ +.....#
#.!....#.##### #.....#
#...#...... #.....#
........#..#. #.....#
<#.###.###.# # #.....#
#. .. .. ......## # ##
#. #......## #........


You could see a hound.

Vanquished Creatures
  A necrophage (D:5)
  A hound (D:5)
2 creatures vanquished.

Notes
Turn   | Place    | Note
-------+----------+-------------------------------------------
     0 | D:5      | qw the Gargoyle Delver began the quest for the Orb.
     0 | D:5      | Reached XP level 1. HP: 14/14 MP: 1/1
     0 | D:5      | 0 ||| qw: Version: 0.1-a-117-gfe26ee0
     0 | D:5      | 0 ||| qw: Game counter: 10162
     0 | D:5      | 0 ||| qw: Always use a shield: true
     0 | D:5      | 0 ||| qw: God list: Okawaru
     0 | D:5      | 0 ||| qw: Allow faded altars: false
     0 | D:5      | 0 ||| qw: Do Orc after D:15 true
     0 | D:5      | 0 ||| qw: Do second Lair branch before Depths: true
     0 | D:5      | 0 ||| qw: Lair rune preference: random
     0 | D:5      | 0 ||| qw: Plans: Normal
     0 | D:5      | 0 ||| PLANNING D:1-11
     3 | D:5      | Noticed a hound
    26 | D:5      | Killed a hound
    27 | D:5      | Reached skill level 3 in Axes
    27 | D:5      | Reached XP level 2. HP: 7/19 MP: 2/2
    27 | D:5      | Reached XP level 3. HP: 8/23 MP: 3/3
   277 | D:5      | Noticed a necrophage
   278 | D:5      | 278 ||| Stepping ~*~*~tactically~*~*~ (stealth).
   297 | D:5      | Killed a necrophage
   298 | D:5      | Reached XP level 4. HP: 14/28 MP: 4/4
   310 | D:5      | HP: 3/28 [hound (5)]
   313 | D:5      | Slain by a hound

Levels and vault maps discovered:
D:5:      layout_basic, minmay_quadrilaterals

Skill      XL: |  1  2  3 |
---------------+----------+-----
Axes           | 3 4 |  4.2
Fighting       | |  3.2
Dodging        | |  1.5
Stealth        | |  5.4

Action                   |  1- 3 |  4- 6 || total
-------------------------+-------+-------++-------
Melee: Hand axe          |    24 |    14 ||    38
       Punch             |     1 |       ||     1
Armor: Leather armour    |     8 |     8 ||    16
Dodge: Dodged            |    15 |     9 ||    24

Table legend:
 A = Non-vault XP
 B = Vault XP
 C = Vault XP percentage of total XP
 D = Non-vault monster count
 E = Vault monster count
 F = Vault count percentage of total count
                 A         B        C        D         E       F
            +---------+---------+-------+---------+---------+-------
      Total |     131 |       0 |   0.0 |       2 |       0 |   0.0
            +---------+---------+-------+---------+---------+-------
        D:5 |     131 |       0 |   0.0 |       2 |       0 |   0.0
            +---------+---------+-------+---------+---------+-------
